[Event "Titled Tuesday Blitz June 6 Early 2023"]
[White "Korchmar, Vasiliy"]
[Black "Hristodoulou, Panagiotis"]
[WhiteFideId "24131750"]
[BlackFideId "4214340"]
[WhiteElo "2370"]
[BlackElo "2272"]
[Result "1-0"]
[Round "4"]
[TimeControl "180+2"]
[Date "2023.06.06"]
[WhiteClock "0:00:06"]
[BlackClock "0:00:02"]
[Board "74"]

1. e4 e5 2. Nf3 Nc6 3. Bc4 Nf6 4. d3 h6 5. O-O d6 6. a4 g6 7. Nc3 Bg7 8. a5 a6 9. Re1 O-O 10. h3 Re8 11. Be3 Be6 12. Nd5 Bxd5 13. exd5 Ne7 14. c3 Nf5 15. Bd2 Qd7 16. g4 Ne7 17. d4 e4 18. Nh2 Nexd5 19. Nf1 c6 20. Ng3 Re7 21. Kh2 Rae8 22. g5 hxg5 23. Bxg5 Re6 24. Qb3 Nh7 25. Bd2 Rf6 26. Re2 Nc7 27. d5 cxd5 28. Bxd5 Nxd5 29. Qxd5 Rfe6 30. Rae1 Be5 31. Kg2 Nf6 32. Qb3 d5 33. Bg5 Nh7 34. Be3 Qc6 35. Rd1 Bxg3 36. fxg3 Nf6 37. Bd4 Nd7 38. Rf1 Ne5 39. Bxe5 Rxe5 40. Ref2 f5 41. Kh2 e3 42. Re2 Kg7 43. Qb4 R8e7 44. Rfe1 Re4 45. Qb3 Qc4 46. Qb6 f4 47. gxf4 Rxf4 48. Rxe3 Ref7 49. Rg3 Rf2+ 50. Kg1 R7f6 51. Qxf2 Rxf2 52. Kxf2 Qb5 53. Re7+ Kf6 54. Re2 Qxa5 55. Rf3+ Kg7 56. Re7+ Kh6 57. Rxb7 Qc5+ 58. Kg2 d4 59. cxd4 Qxd4 60. Rbb3 Qd2+ 61. Kg3 a5 62. Rfe3 a4 63. Ra3 Qxb2 64. Rxa4 Qd2 65. Rh4+ Kg7 66. Rhe4 Qd6+ 67. Kg4 Qc7 68. Re7+ 1-0


[Site "https://www.chess.com"]

[Event "Titled Tuesday Blitz June 6 Early 2023"]
[White "Chan, Kim Yew"]
[Black "Jeet, Jain"]
[WhiteFideId "5717981"]
[BlackFideId "5073022"]
[WhiteElo "2206"]
[BlackElo "2067"]
[Result "0-1"]
[Round "4"]
[TimeControl "180+2"]
[Date "2023.06.06"]
[WhiteClock "0:00:02"]
[BlackClock "0:01:04"]
[Board "76"]

1. Nf3 c5 2. c4 Nc6 3. d4 cxd4 4. Nxd4 Nf6 5. Nc3 e6 6. a3 Qb6 7. e3 a6 8. Be2 Be7 9. O-O O-O 10. b4 Rd8 11. c5 Qc7 12. Qb3 d6 13. Nxc6 Qxc6 14. cxd6 Bxd6 15. Bb2 Qc7 16. g3 b6 17. Rac1 Qe7 18. Na4 Rb8 19. Bf3 Bb7 20. Bxb7 Qxb7 21. Bxf6 gxf6 22. Rfd1 Qf3 23. Nc3 Kg7 24. Qc4 f5 25. Qxa6 Rbc8 26. Qe2 Qa8 27. Nb5 Rxc1 28. Rxc1 Be5 29. Rd1 Rc8 30. Qd2 Qf3 31. Qd3 h5 32. Nd4 Qa8 33. Qe2 Rh8 34. Nf3 Bf6 35. Rd3 h4 36. Nd2 h3 37. Qf3 Qa6 38. Rb3 Rd8 39. Nf1 Qc4 40. Rb1 Qa2 41. Rd1 Rh8 42. Rd2 Qxa3 43. Qf4 Qa8 44. Rd1 Qg2# 0-1


[Site "https://www.chess.com"]

[Event "Titled Tuesday Blitz June 6 Early 2023"]
[White "Hua, Lefong"]
[Black "Makhmudov, Shukhrat"]
[WhiteFideId "2602253"]
[BlackFideId "14200775"]
[WhiteElo "2644"]
[BlackElo "2135"]
[Result "1/2-1/2"]
[Round "4"]
[TimeControl "180+2"]
[Date "2023.06.06"]
[WhiteClock "0:00:11"]
[BlackClock "0:00:22"]
[Board "77"]

1. d4 Nf6 2. c4 e6 3. Nc3 Bb4 4. f3 d5 5. a3 Bxc3+ 6. bxc3 Nh5 7. Nh3 e5 8. Nf2 exd4 9. Qxd4 Be6 10. cxd5 Qxd5 11. e4 Qa5 12. Qb4 Nc6 13. Qxa5 Nxa5 14. Rb1 O-O-O 15. g4 Nf6 16. g5 Nd7 17. Be3 Nc4 18. Bxc4 Bxc4 19. Bd4 Rhg8 20. Ng4 c5 21. Be3 Be6 22. h3 b6 23. Ke2 Bxg4 24. hxg4 Ne5 25. Rxh7 Nc4 26. a4 Rd7 27. Rbh1 Nb2 28. a5 Nc4 29. axb6 axb6 30. Rh8 Rdd8 31. Rxg8 Rxg8 32. Rh7 Kb7 33. Bf4 Kc6 34. Kd3 b5 35. Kc2 Na3+ 36. Kb3 Nc4 37. Kc2 Na3+ 38. Kd3 Nc4 39. Ke2 b4 40. cxb4 cxb4 41. Kd3 Kb5 42. Bc1 Rd8+ 43. Ke2 Rg8 44. f4 b3 45. e5 Kc5 46. Kf3 Kd5 47. Rh1 b2 48. Rd1+ Kc5 49. Bxb2 Nxb2 50. Rd7 Rf8 51. g6 fxg6 52. Rxg7 Nc4 53. Ke4 Nd2+ 54. Ke3 Nc4+ 55. Ke4 Nd2+ 56. Ke3 Nc4+ 57. Ke4 1/2-1/2


[Site "https://www.chess.com"]

[Event "Titled Tuesday Blitz June 6 Early 2023"]
[White "kuanysh1981"]
[Black "Sadykov, Ramil"]
[BlackFideId "24113590"]
[WhiteElo "2438"]
[BlackElo "2245"]
[Result "0-1"]
[Round "4"]
[TimeControl "180+2"]
[Date "2023.06.06"]
[WhiteClock "0:00:11"]
[BlackClock "0:00:37"]
[Board "78"]

1. e4 c5 2. Nf3 e6 3. b3 Nf6 4. e5 Nd5 5. Bb2 Nc6 6. Nc3 Nf4 7. Ne4 Qc7 8. g3 Ng6 9. Nd6+ Bxd6 10. exd6 Qxd6 11. Bxg7 Rg8 12. Bc3 e5 13. d3 Qe7 14. Qe2 d6 15. O-O-O Bg4 16. h3 Be6 17. Bg2 O-O-O 18. Nd2 d5 19. h4 f6 20. h5 Nf4 21. gxf4 Rxg2 22. fxe5 d4 23. exf6 Qxf6 24. Ne4 Qe5 25. Bd2 Bg4 26. Qf1 Bf3 27. Re1 Rdg8 28. Rh3 Bxe4 29. Rxe4 Qf5 30. Rh1 Rxf2 31. Qe1 Rgg2 32. Re8+ Kd7 33. Rh8 Re2 34. Qh4 Rxd2 35. Rxh7+ Qxh7 36. Qh3+ Kc7 37. Re1 Rxc2+ 38. Kb1 Rb2+ 39. Ka1 Rxa2+ 0-1


[Site "https://www.chess.com"]

[Event "Titled Tuesday Blitz June 6 Early 2023"]
[White "Gubajdullin, Alexei"]
[Black "ArchibaldCerveza29"]
[WhiteFideId "4141202"]
[WhiteElo "2279"]
[BlackElo "2430"]
[Result "0-1"]
[Round "4"]
[TimeControl "180+2"]
[Date "2023.06.06"]
[WhiteClock "0:00:15"]
[BlackClock "0:00:22"]
[Board "79"]

1. d4 Nf6 2. Nf3 d5 3. Bf4 c5 4. e3 Nc6 5. Nbd2 cxd4 6. exd4 Bf5 7. c3 e6 8. Qb3 Bd6 9. Bxd6 Qxd6 10. a4 O-O 11. Be2 b6 12. O-O h6 13. Qa3 Qc7 14. Rfe1 Rfc8 15. Bb5 a6 16. Bxc6 Qxc6 17. Ne5 Qc7 18. a5 b5 19. Nb3 Ne4 20. f3 Nd6 21. Nc5 Nc4 22. Nxc4 bxc4 23. b4 cxb3 24. Qxb3 Rab8 25. Qa3 Qc6 26. Re2 Rb5 27. Rb2 Rcb8 28. Rxb5 Rxb5 29. Qc1 Qc8 30. h4 Qc7 31. Nxa6 Qa7 32. Nc5 Rxa5 33. Rxa5 Qxa5 34. h5 Qa2 35. Qe3 Qc2 36. Kh2 Kh7 37. Nd7 Qb1 38. Ne5 Kg8 39. Qd2 Qc2 40. Qe1 Qb1 41. Qh4 Qb8 42. Qg3 f6 43. Nd7 Qxg3+ 44. Kxg3 Kf7 45. Nc5 Ke7 46. Kf4 Kd6 47. g4 Bc2 48. Ke3 Bd1 49. Na6 e5 50. Nb4 Bb3 51. Nd3 Bc2 52. Nf2 Bb1 53. Nh1 Ke6 54. Ng3 Bc2 55. f4 Bd1 56. dxe5 fxe5 57. Nf5 Bxg4 58. Nxg7+ Kf7 59. fxe5 Kxg7 60. Kd4 Be6 61. Ke3 Kf7 62. Kf4 Bd7 63. Ke3 Ke6 64. Kd4 Bb5 65. Kc5 Bc4 66. Kd4 Ba2 67. Ke3 Kxe5 68. Kf3 Kf5 69. Ke3 Kg5 70. Kd4 Kxh5 71. Ke3 Kg4 72. Kf2 Kf4 73. Kg2 Ke4 74. Kh3 Kd3 75. Kh4 Kxc3 76. Kh5 d4 77. Kxh6 d3 78. Kg5 d2 79. Kf4 d1=Q 80. Ke5 Qd4+ 81. Kf5 Bb1+ 82. Kg5 Qe5+ 83. Kg4 Qf5+ 84. Kg3 Be4 85. Kh2 Qg6 86. Kh3 Qg5 87. Kh2 Qg2# 0-1


[Site "https://www.chess.com"]

[Event "Titled Tuesday Blitz June 6 Early 2023"]
[White "Moore, Nicholas"]
[Black "Domingo Nunez, Alejandro"]
[WhiteFideId "4303709"]
[BlackFideId "22245561"]
[WhiteElo "2411"]
[BlackElo "2291"]
[Result "0-1"]
[Round "4"]
[TimeControl "180+2"]
[Date "2023.06.06"]
[WhiteClock "0:00:52"]
[BlackClock "0:02:27"]
[Board "80"]

1. c4 g6 2. g3 Bg7 3. Bg2 d6 4. Nc3 Nd7 5. d4 Ngf6 6. h3 O-O 7. Nf3 c5 8. O-O Rb8 9. e4 a6 10. e5 Ne8 11. exd6 Nxd6 12. dxc5 Nxc5 13. Bf4 Be6 14. Nd4 Bxc4 15. Nce2 e5 16. b4 Nd3 0-1


[Site "https://www.chess.com"]

[Event "Titled Tuesday Blitz June 6 Early 2023"]
[White "Fiorito, Joaquin"]
[Black "Mihailidis, Anastasios"]
[WhiteFideId "180173"]
[BlackFideId "4205588"]
[WhiteElo "2199"]
[BlackElo "2312"]
[Result "0-1"]
[Round "4"]
[TimeControl "180+2"]
[Date "2023.06.06"]
[WhiteClock "0:01:15"]
[BlackClock "0:00:59"]
[Board "81"]

1. d4 d5 2. c4 e6 3. Nc3 Nf6 4. cxd5 exd5 5. Bg5 Be7 6. e3 h6 7. Bf4 c6 8. Bd3 O-O 9. Nf3 Bd6 10. Ne5 Qc7 11. Rc1 Nbd7 12. Nxd7 Bxd7 13. Bg3 Bxg3 14. hxg3 Qd6 15. Qc2 Rfe8 16. Ne2 Qb4+ 17. Qd2 Qxd2+ 18. Kxd2 Ne4+ 19. Bxe4 Rxe4 20. b4 b5 21. Nf4 a5 22. a3 axb4 23. axb4 Ree8 24. Ra1 Ra4 25. Rxa4 bxa4 26. Ra1 Ra8 27. Nd3 a3 28. Kc3 Bf5 29. Nc5 a2 30. Kb2 Bb1 31. Nb3 Ra4 32. Kc3 Ra3 33. Kb2 Ra4 34. Kc3 Ra3 35. b5 cxb5 36. Kb2 b4 37. Nd2 Rd3 38. Nxb1 axb1=Q+ 39. Rxb1 Rd2+ 40. Kb3 Rxf2 41. Kxb4 Rxg2 42. Kc5 Rxg3 43. Rb8+ Kh7 44. Re8 Rg5 45. Re7 Kg6 46. Kd6 h5 47. Re8 h4 48. Rh8 Rh5 49. Rxh5 Kxh5 50. Kxd5 h3 0-1


[Site "https://www.chess.com"]

[Event "Titled Tuesday Blitz June 6 Early 2023"]
[White "Mohammed, Zozek Salah Mohammed"]
[Black "Vlassov, Nikolai"]
[WhiteFideId "4803361"]
[BlackFideId "4103360"]
[WhiteElo "2211"]
[BlackElo "2324"]
[Result "0-1"]
[Round "4"]
[TimeControl "180+2"]
[Date "2023.06.06"]
[WhiteClock "0:00:01"]
[BlackClock "0:00:03"]
[Board "82"]

1. d4 Nf6 2. Nf3 e6 3. g3 b5 4. Bg2 Bb7 5. O-O c5 6. a4 b4 7. Bg5 Na6 8. c3 bxc3 9. Nxc3 cxd4 10. Nxd4 Bxg2 11. Kxg2 Be7 12. Bxf6 Bxf6 13. Ne4 Be7 14. Qd3 Nb4 15. Qf3 O-O 16. Rfd1 Qb6 17. a5 Qa6 18. Nb3 d5 19. Nec5 Qb5 20. Rac1 Rac8 21. Nd3 Nxd3 22. Qxd3 Qb4 23. a6 g6 24. Nd4 Qxb2 25. Nc6 Bf6 26. Rc2 Qb6 27. Rdc1 Kg7 28. h4 h5 29. f3 Rc7 30. e4 dxe4 31. Qxe4 Qxa6 32. Nb4 Rxc2+ 33. Rxc2 Qb5 34. Nd3 a5 35. Rc7 Qb6 36. Rd7 Kg8 37. Nf4 Rd8 38. Rxd8+ Qxd8 39. Nxg6 fxg6 40. Qxg6+ Kf8 41. Qxh5 Ke7 42. Qh7+ Kd6 43. Qd3+ Kc7 44. Qc4+ Kb7 45. Qxe6 Qb6 0-1


[Site "https://www.chess.com"]

[Event "Titled Tuesday Blitz June 6 Early 2023"]
[White "Li, Hui"]
[Black "Lee, Qing Aun"]
[WhiteFideId "15400310"]
[BlackFideId "5804167"]
[WhiteElo "1966"]
[BlackElo "2179"]
[Result "0-1"]
[Round "4"]
[TimeControl "180+2"]
[Date "2023.06.06"]
[WhiteClock "0:00:01"]
[BlackClock "0:00:17"]
[Board "83"]

1. e4 c5 2. Nf3 g6 3. d4 cxd4 4. Nxd4 Bg7 5. Nc3 Nc6 6. Be3 Nf6 7. Bc4 O-O 8. Bb3 a6 9. f3 Qc7 10. Qd2 b5 11. O-O-O Bb7 12. Kb1 Ne5 13. Bh6 Nc4 14. Bxc4 bxc4 15. Bxg7 Kxg7 16. Rc1 Rab8 17. g4 Ba8 18. Ka1 Rfc8 19. Nde2 Qb6 20. b3 d6 21. h4 h5 22. gxh5 Nxh5 23. Qd4+ Qxd4 24. Nxd4 Nf4 25. Nce2 Nxe2 26. Nxe2 f5 27. Ng3 Kf6 28. h5 f4 29. Ne2 g5 30. Kb2 d5 31. exd5 Bxd5 32. Rh3 Rb6 33. Nc3 Be6 34. Ne4+ Kg7 35. Nxg5 Bxh3 36. Nxh3 Rf6 37. Rg1+ Kh6 38. Rg4 c3+ 39. Kc1 Re6 40. Rg1 Rf8 41. Ng5 Re5 42. Ne4 Rc8 43. Kd1 Rxh5 44. Ke2 Rh2+ 45. Kd3 Rh3 46. Rf1 e5 47. Nxc3 Kg6 0-1


[Site "https://www.chess.com"]

[Event "Titled Tuesday Blitz June 6 Early 2023"]
[White "Agibileg, Uurtsaikh"]
[Black "Georg, Heinz"]
[WhiteFideId "4901606"]
[BlackFideId "4607295"]
[WhiteElo "2353"]
[BlackElo "2326"]
[Result "1-0"]
[Round "4"]
[TimeControl "180+2"]
[Date "2023.06.06"]
[WhiteClock "0:01:58"]
[BlackClock "0:00:05"]
[Board "84"]

1. d4 f5 2. g3 Nf6 3. Bg2 g6 4. Nf3 Bg7 5. O-O O-O 6. b3 d6 7. Bb2 Ne4 8. Nbd2 d5 9. c4 c6 10. Ne1 e6 11. Nd3 Nxd2 12. Qxd2 dxc4 13. bxc4 Bxd4 14. Bxd4 Qxd4 15. Rfd1 Na6 16. Qh6 Rd8 17. Nf4 Qxd1+ 18. Rxd1 Rxd1+ 19. Bf1 Bd7 20. h4 e5 21. Nh3 Re8 22. h5 gxh5 23. Ng5 Re7 24. Qf6 h6 25. Qxe7 hxg5 26. Qxg5+ Kf7 27. Qxh5+ Ke7 28. Qg5+ Kd6 29. Qf6+ Be6 30. Qd8+ Bd7 31. Kg2 Nc5 32. Qf8+ Kc7 33. Qxc5 f4 34. Qxe5+ 1-0


[Site "https://www.chess.com"]

[Event "Titled Tuesday Blitz June 6 Early 2023"]
[White "Girya, Olga"]
[Black "Spichkin, Alexander"]
[WhiteFideId "4195752"]
[BlackFideId "4144074"]
[WhiteElo "2263"]
[BlackElo "1986"]
[Result "1-0"]
[Round "4"]
[TimeControl "180+2"]
[Date "2023.06.06"]
[WhiteClock "0:00:19"]
[BlackClock "0:01:54"]
[Board "85"]

1. d4 e6 2. c4 f5 3. Nf3 Nf6 4. g3 Be7 5. Bg2 O-O 6. O-O d6 7. Nc3 a5 8. Re1 Ne4 9. Qc2 Nc6 10. Nxe4 Nb4 11. Qb1 fxe4 12. Qxe4 e5 13. dxe5 Bf5 14. Qxb7 Rb8 15. Qa7 Nc2 16. exd6 cxd6 17. Bd2 Nxa1 18. Rxa1 Rxb2 19. Bxa5 Qe8 20. Nd4 Bc8 21. Bc6 Qh5 22. Qxe7 Re8 23. Qxe8+ Qxe8 24. Bxe8 Bh3 25. Bc6 Rb8 26. Bd5+ Kf8 27. Bd2 h6 28. Bf4 Rb6 29. a4 g5 30. a5 Ra6 31. Bb7 Ra7 32. Bxd6+ Kf7 33. a6 Bd7 34. Bc5 1-0


[Site "https://www.chess.com"]

[Event "Titled Tuesday Blitz June 6 Early 2023"]
[White "Todorovic, Bojan"]
[Black "Aldokhin, Ivan"]
[WhiteFideId "917087"]
[BlackFideId "24115720"]
[WhiteElo "2266"]
[BlackElo "2322"]
[Result "0-1"]
[Round "4"]
[TimeControl "180+2"]
[Date "2023.06.06"]
[WhiteClock "0:00:11"]
[BlackClock "0:00:05"]
[Board "86"]

1. d4 Nf6 2. c4 g6 3. Nc3 Bg7 4. e4 d6 5. Nf3 O-O 6. Be2 Nc6 7. O-O Re8 8. d5 Nb4 9. a3 Na6 10. Be3 e6 11. Nd2 exd5 12. cxd5 Nc5 13. f3 a5 14. Rc1 Bd7 15. Kh1 Nh5 16. g4 Nf6 17. b4 axb4 18. axb4 Na6 19. Qb3 h6 20. Bg1 Nh7 21. Nb5 Ng5 22. Na3 Nh3 23. Be3 Qh4 24. Nac4 f5 25. gxf5 gxf5 26. Rg1 Nxg1 27. Rxg1 Kh7 28. Bd3 Rg8 29. exf5 Bf6 30. Ne4 Rxg1+ 31. Bxg1 Rg8 32. Ncd2 Bxf5 33. Nxf6+ Qxf6 34. Qc2 Bxd3 35. Qxd3+ Qg6 36. Ne4 Qxg1# 0-1


[Site "https://www.chess.com"]

[Event "Titled Tuesday Blitz June 6 Early 2023"]
[White "Yonal, Timur"]
[Black "Bodnaruk, Anastasia"]
[WhiteFideId "44115725"]
[BlackFideId "4181751"]
[WhiteElo "1966"]
[BlackElo "2304"]
[Result "1-0"]
[Round "4"]
[TimeControl "180+2"]
[Date "2023.06.06"]
[WhiteClock "0:00:20"]
[BlackClock "0:00:01"]
[Board "87"]

1. e4 c5 2. Nf3 d6 3. Bb5+ Nd7 4. O-O Nf6 5. Re1 a6 6. Bf1 b5 7. c3 Bb7 8. d4 e6 9. Bg5 Be7 10. Nbd2 O-O 11. Bd3 cxd4 12. cxd4 e5 13. d5 Nc5 14. Bc2 a5 15. Nh4 Nxd5 16. Bxe7 Nxe7 17. Qg4 g6 18. Rad1 Ne6 19. Ndf3 Qb6 20. Bb3 Nc5 21. Bc2 Ne6 22. Bb3 Bc8 23. Qg3 Kh8 24. Bxe6 Bxe6 25. Ng5 Rad8 26. Nxe6 fxe6 27. Rd2 Nc6 28. Qh3 Kg7 29. Qxe6 Nd4 30. Qe7+ Rf7 31. Qg5 Rc8 32. Red1 b4 33. h3 b3 34. a3 Rc2 35. Qe3 Qc5 36. Nf5+ Nxf5 37. Qxc5 dxc5 38. exf5 Rxd2 39. Rxd2 gxf5 40. Rd5 Rc7 41. Rxe5 Kf6 42. Re3 c4 43. Rc3 a4 44. Kf1 Ke5 45. Ke2 Kd4 46. Kd2 Re7 47. Rg3 f4 48. Rf3 Ke4 49. Kc3 Rd7 50. Kxc4 Rd2 51. Kc3 Rc2+ 52. Kb4 Rxb2 53. Kxa4 Rb1 54. Rxb3 Rg1 55. g3 f3 56. Re3+ Kd4 57. Rxf3 Rb1 58. Rf4+ Kc3 59. h4 Kd3 60. h5 Rb7 61. h6 1-0


[Site "https://www.chess.com"]

[Event "Titled Tuesday Blitz June 6 Early 2023"]
[White "Sielecki, Christof"]
[Black "rikchessmx"]
[WhiteFideId "4620437"]
[WhiteElo "2443"]
[BlackElo "2298"]
[Result "1-0"]
[Round "4"]
[TimeControl "180+2"]
[Date "2023.06.06"]
[WhiteClock "0:00:56"]
[BlackClock "0:00:01"]
[Board "88"]

1. e4 c6 2. d4 d6 3. f4 g6 4. Nc3 Bg7 5. Nf3 Qc7 6. Bd3 Nd7 7. e5 Nh6 8. O-O O-O 9. Qe2 b5 10. a3 Rb8 11. Bd2 a5 12. Ne4 b4 13. axb4 axb4 14. Neg5 c5 15. e6 Nf6 16. exf7+ Nxf7 17. Nxf7 Rxf7 18. Ng5 Rf8 19. Ne6 Bxe6 20. Qxe6+ Kh8 21. f5 g5 22. Rae1 cxd4 23. Qxe7 Qc5 24. Qe6 b3 25. cxb3 Rfe8 26. Qc4 Rxe1 27. Rxe1 h6 28. b4 Qb6 29. Qf7 1-0


[Site "https://www.chess.com"]

[Event "Titled Tuesday Blitz June 6 Early 2023"]
[White "Kvaloy, Aksel Bu"]
[Black "Abrosimov, Vladimir"]
[WhiteFideId "1528815"]
[BlackFideId "4166892"]
[WhiteElo "2318"]
[BlackElo "2336"]
[Result "1-0"]
[Round "4"]
[TimeControl "180+2"]
[Date "2023.06.06"]
[WhiteClock "0:00:47"]
[BlackClock "0:00:06"]
[Board "89"]

1. e4 c5 2. Nf3 d6 3. d4 cxd4 4. Nxd4 Nf6 5. Nc3 a6 6. Bg5 e6 7. f4 Be7 8. Qf3 Qc7 9. O-O-O Nbd7 10. g4 b5 11. Bxf6 Bxf6 12. Bxb5 Bxd4 13. Bxd7+ Bxd7 14. Rxd4 Rb8 15. Rhd1 Qb6 16. b3 O-O 17. Rxd6 Bc6 18. Qd3 Qc7 19. Qc4 Rbc8 20. e5 Qb7 21. Qd4 h6 22. h4 Qc7 23. Kb2 Bf3 24. Rg1 Bc6 25. h5 Kh8 26. g5 Rcd8 27. gxh6 gxh6 28. f5 Rxd6 29. exd6+ e5 30. Qxe5+ f6 31. Qxf6+ Rxf6 32. dxc7 Rf8 33. Rd1 Bb7 34. Rd8 Kg7 35. Rxf8 Kxf8 36. Nd5 Kf7 37. c4 Ke8 38. f6 Kf7 39. b4 a5 40. bxa5 Kg8 41. c5 Kh7 42. c6 Bc8 43. Kc3 Kg8 44. Kd4 Kf7 45. Ke5 Kg8 46. Kd6 Kh7 47. Ke7 Bf5 48. a6 Bg4 49. Nf4 Bc8 50. a7 Bf5 51. a4 Be6 52. a5 Bc8 53. f7 Bb7 54. Kf6 Ba8 55. c8=Q Bb7 56. a6 Bxc6 57. Qe6 Be8 58. a8=Q Kh8 59. Qaxe8+ Kh7 60. Qh8+ Kxh8 61. Qe8+ Kh7 62. Qh8+ Kxh8 63. f8=Q+ Kh7 64. Qf7+ Kh8 65. Ng6# 1-0


[Site "https://www.chess.com"]

[Event "Titled Tuesday Blitz June 6 Early 2023"]
[White "Martic, Ivan"]
[Black "Marchesich, Giovanni"]
[WhiteFideId "929301"]
[BlackFideId "2824790"]
[WhiteElo "2346"]
[BlackElo "2213"]
[Result "1-0"]
[Round "4"]
[TimeControl "180+2"]
[Date "2023.06.06"]
[WhiteClock "0:01:21"]
[BlackClock "0:00:47"]
[Board "90"]

1. e4 e5 2. Nf3 d5 3. exd5 e4 4. Qe2 Nf6 5. d3 Bb4+ 6. Bd2 O-O 7. Bxb4 Re8 8. Kd2 exf3 9. Qxf3 Nxd5 10. Ba3 Nc6 11. Qg3 Qf6 12. h4 b5 13. Nc3 Nxc3 14. bxc3 b4 15. Bb2 h6 16. Be2 Bf5 17. Bf3 Rab8 18. Rab1 g6 19. Qf4 Qe7 20. Rhe1 Ne5 21. cxb4 Nxf3+ 22. gxf3 Qxb4+ 23. Qxb4 1-0


[Site "https://www.chess.com"]

[Event "Titled Tuesday Blitz June 6 Early 2023"]
[White "Sourath Biswas"]
[Black "Afanasieva, Alexandra"]
[WhiteFideId "35091484"]
[BlackFideId "34126926"]
[WhiteElo "2171"]
[BlackElo "1736"]
[Result "1-0"]
[Round "4"]
[TimeControl "180+2"]
[Date "2023.06.06"]
[WhiteClock "0:01:29"]
[BlackClock "0:00:26"]
[Board "91"]

1. d4 Nf6 2. Bf4 b6 3. Nc3 e6 4. e4 Bb7 5. Bd3 Bb4 6. Qe2 d5 7. e5 Ne4 8. Bd2 Nxd2 9. Qxd2 c5 10. a3 cxd4 11. axb4 dxc3 12. bxc3 d4 13. Nf3 Bxf3 14. gxf3 dxc3 15. Bb5+ Nd7 16. Qd6 Qe7 17. Bc6 Qxd6 18. exd6 Rc8 19. Rxa7 1-0


[Site "https://www.chess.com"]

[Event "Titled Tuesday Blitz June 6 Early 2023"]
[White "Atakhan, Abtin"]
[Black "Dubreuil, Julien"]
[WhiteFideId "22502203"]
[BlackFideId "621285"]
[WhiteElo "2008"]
[BlackElo "2282"]
[Result "1-0"]
[Round "4"]
[TimeControl "180+2"]
[Date "2023.06.06"]
[WhiteClock "0:00:08"]
[BlackClock "0:00:12"]
[Board "92"]

1. Nf3 Nf6 2. c4 e6 3. Nc3 d5 4. e3 c5 5. cxd5 Nxd5 6. Nxd5 Qxd5 7. b3 Nc6 8. Bb2 b6 9. Bc4 Qd7 10. Bb5 Bb7 11. Ne5 Qc7 12. Qg4 a6 13. Bxc6+ Bxc6 14. Nxc6 Qxc6 15. O-O h5 16. Qg5 Rh6 17. f3 Be7 18. Qxg7 Rg6 19. Qh8+ Kd7 20. Qxh5 Rag8 21. Rf2 Bd6 22. d4 c4 23. Rc1 b5 24. bxc4 bxc4 25. e4 Qb5 26. Qxb5+ axb5 27. a4 bxa4 28. Rxc4 Ra8 29. Bc1 Rgg8 30. Ra2 Rgc8 31. Rxc8 Rxc8 32. Ba3 Bxa3 33. Rxa3 Rc4 34. h4 Kc6 35. h5 Kb5 36. g4 f6 37. e5 fxe5 38. dxe5 Kc5 39. h6 Kd5 40. h7 Rc8 41. Rxa4 Kxe5 42. Kg2 Kf6 43. Kg3 Kg6 44. Ra7 e5 45. Kf2 Re8 46. Ke3 Kh6 47. Ke4 Kg6 48. Rb7 Kh6 49. Rb5 Kxh7 50. Rxe5 Rd8 51. f4 Kg7 52. Re6 Kf7 53. f5 Ra8 54. g5 Ra4+ 55. Kf3 Ra3+ 56. Kf4 Ra4+ 57. Re4 Ra3 58. g6+ Kg7 59. Re7+ Kf8 60. f6 Ra4+ 61. Kg5 1-0


[Site "https://www.chess.com"]

[Event "Titled Tuesday Blitz June 6 Early 2023"]
[White "Kukhmazov, Arsen"]
[Black "Srebrnic, Marko"]
[WhiteFideId "24108260"]
[BlackFideId "14603616"]
[WhiteElo "2396"]
[BlackElo "2341"]
[Result "1-0"]
[Round "4"]
[TimeControl "180+2"]
[Date "2023.06.06"]
[WhiteClock "0:00:17"]
[BlackClock "0:00:13"]
[Board "93"]

1. d4 Nf6 2. c4 d6 3. Nf3 g6 4. g3 Bg7 5. Bg2 O-O 6. O-O Nbd7 7. Nc3 a6 8. e4 e5 9. dxe5 dxe5 10. Be3 Re8 11. h3 Bf8 12. Qe2 Nc5 13. Rfd1 Bd7 14. Nd2 Qc8 15. Kh2 a5 16. Nb3 Nxb3 17. axb3 c6 18. Na4 Ra6 19. Qd2 Be6 20. Nc5 Bxc5 21. Bxc5 b5 22. Rxa5 bxc4 23. b4 Nd7 24. Be3 Qb7 25. Bf1 Rb8 26. Rxa6 Qxa6 27. b3 Nb6 28. Qd6 Re8 29. Qxc6 Rb8 30. b5 Qa2 31. Bxb6 cxb3 32. Be3 b2 33. Qd6 Rc8 34. Qxe5 b1=Q 35. Rxb1 Qxb1 36. Bh6 f6 37. Qxe6+ 1-0


[Site "https://www.chess.com"]

[Event "Titled Tuesday Blitz June 6 Early 2023"]
[White "Yuan, Qingyu"]
[Black "Bas Mas, Jose Joaquin"]
[WhiteFideId "8609772"]
[BlackFideId "22219064"]
[WhiteElo "2359"]
[BlackElo "2212"]
[Result "1-0"]
[Round "4"]
[TimeControl "180+2"]
[Date "2023.06.06"]
[WhiteClock "0:00:17"]
[BlackClock "0:00:08"]
[Board "94"]

1. Nf3 Nf6 2. c4 e6 3. g3 d5 4. Bg2 Be7 5. O-O O-O 6. b3 d4 7. e3 c5 8. exd4 cxd4 9. d3 Nc6 10. a3 a5 11. Re1 Nd7 12. Nbd2 e5 13. Bb2 Re8 14. h4 Bf8 15. Ne4 Nc5 16. Nxc5 Bxc5 17. Ng5 h6 18. Ne4 Bf8 19. Qh5 Be6 20. Bc1 Ra6 21. Rb1 Qc8 22. Qd1 Bg4 23. Qc2 Bh3 24. Bh1 Nd8 25. b4 axb4 26. axb4 Rg6 27. Kh2 Be6 28. h5 Rg4 29. f3 Rxe4 30. Rxe4 Bf5 31. Re1 Bd6 32. c5 Bb8 33. Qe2 Ne6 34. Bg2 Ng5 35. Kh1 Bh3 36. g4 Bxg2+ 37. Kxg2 Ne6 38. Qe4 Rf8 39. Qf5 Qc6 40. Bd2 Kh8 41. Ra1 g6 42. Qe4 f5 43. Qxc6 bxc6 44. hxg6 fxg4 45. fxg4 Rg8 46. Rh1 Rxg6 47. Rxh6+ Rxh6 48. Bxh6 1-0


[Site "https://www.chess.com"]

[Event "Titled Tuesday Blitz June 6 Early 2023"]
[White "gau_npukyputb"]
[Black "Goffredo_Fofi"]
[WhiteElo "2705"]
[BlackElo "2481"]
[Result "1-0"]
[Round "4"]
[TimeControl "180+2"]
[Date "2023.06.06"]
[WhiteClock "0:01:37"]
[BlackClock "0:00:22"]
[Board "95"]

1. f4 g6 2. e4 Bg7 3. d3 c5 4. Nf3 Nc6 5. Nc3 d6 6. Be3 Nd4 7. Qd2 e6 8. O-O-O Ne7 9. Ne2 Nec6 10. c3 Nxe2+ 11. Bxe2 Qa5 12. Kb1 b5 13. d4 b4 14. cxb4 cxb4 15. d5 exd5 16. Qxd5 Qxd5 17. Rxd5 Bb7 18. Rxd6 O-O 19. Rd7 Rab8 20. Rc1 Ba8 21. e5 Rfd8 22. Rxd8+ Rxd8 23. Bb5 Ne7 24. Bxa7 Nf5 25. Bc5 Bf8 26. Bxf8 Kxf8 27. Bc6 Bxc6 28. Rxc6 Rd1+ 29. Rc1 Rd3 30. Kc2 Rd5 31. Kb3 Nd4+ 32. Nxd4 Rxd4 33. g3 h5 34. Rc4 Rd2 35. Rxb4 Rxh2 36. Rc4 Rh3 37. Rc3 h4 38. gxh4 Rxh4 39. Rf3 Rh2 40. a4 Ke7 41. a5 Kd7 42. Rc3 Rh8 43. Ka4 Ra8 44. b4 Ke6 45. b5 Kf5 46. Rc4 g5 47. fxg5 Kxe5 48. b6 1-0


[Site "https://www.chess.com"]

[Event "Titled Tuesday Blitz June 6 Early 2023"]
[White "Aradhya, Garg"]
[Black "Lehtosaari, Mauri"]
[WhiteFideId "25006746"]
[BlackFideId "501999"]
[WhiteElo "2263"]
[BlackElo "2476"]
[Result "1-0"]
[Round "4"]
[TimeControl "180+2"]
[Date "2023.06.06"]
[WhiteClock "0:00:34"]
[BlackClock "0:00:01"]
[Board "96"]

1. d4 d5 2. c4 c6 3. Nf3 Nf6 4. e3 Bg4 5. Nc3 e6 6. h3 Bh5 7. g4 Bg6 8. Ne5 Nfd7 9. Nxg6 hxg6 10. Bg2 Be7 11. Bd2 Nf6 12. Qe2 Nbd7 13. O-O-O a5 14. g5 Ng8 15. h4 a4 16. cxd5 cxd5 17. Kb1 a3 18. b3 Bb4 19. Qb5 Qa5 20. Qxa5 Bxa5 21. Nb5 Ke7 22. e4 Bxd2 23. Rxd2 Nb6 24. Rc2 dxe4 25. Rc7+ Kd8 26. Rxb7 Nd5 27. Bxe4 Nge7 28. Bxd5 Nxd5 29. Rxf7 Rb8 30. Nxa3 Rb4 31. Nc4 Ke8 32. Nd6+ Kd8 33. Rc1 Rb8 34. Rxg7 Rf8 35. Nf7+ Ke8 36. Ne5 Kd8 37. Nd7 1-0


[Site "https://www.chess.com"]